 Dungeon Crawl Stone Soup version 0.24-a0-411-g4df2b1290f (webtiles) character file.

Game seed: 2417216039836380186

253 Gynju the Skirmisher (level 5, -1/48 HPs)
             Began as a Minotaur Fighter on June 6, 2019.
             Killed by divine providence
             ... invoked by an orc priest
              (17 damage)
             ... on level 3 of the Dungeon.
             The game lasted 00:04:13 (2295 turns).

Gynju the Skirmisher (Minotaur Fighter)             Turns: 2295, Time: 00:04:13

Health: -1/48      AC:  7    Str: 22    XL:     5   Next: 90%
Magic:  4/4        EV:  7    Int:  5    God:
Gold:   145        SH: 10    Dex:  9    Spells: 4/4 levels left

rFire    . . .     SeeInvis .   a - +0 war axe
rCold    . . .     Gourm    .   c - +0 shield
rNeg     . . .     Faith    .   b - +0 scale mail
rPois    .         Spirit   .   (helmet restricted)
rElec    .         Reflect  .   (no cloak)
rCorr    .         Harm     .   (no gloves)
MR       .....                  (no boots)
Stlth    ..........             (no amulet)
HPRegen  0.16/turn              (no ring)
MPRegen  0.09/turn              (no ring)

@: no status effects
A: retaliatory headbutt, horns 2
a: no special abilities


You were on level 3 of the Dungeon.
You were not hungry.

You visited 1 branch of the dungeon, and saw 3 of its levels.

You collected 145 gold pieces.

Inventory:

Hand Weapons
 a - a +0 war axe (weapon)
Armour
 b - a +0 scale mail (worn)
 c - a +0 shield (worn)
Jewellery
 o - an uncursed amulet of the acrobat {unknown}
Wands
 r - a wand of flame (17)
Scrolls
 e - a scroll of immolation {unknown}
 i - a scroll of enchant armour {unknown}
 l - 6 scrolls of remove curse {unknown}
 m - 4 scrolls of identify {unknown}
 p - a scroll of amnesia {unknown}
 q - a scroll of fear {unknown}
Potions
 d - 2 potions of might
 h - a potion of heal wounds {unknown}
 j - a potion of magic {unknown}
 k - a potion of cancellation {unknown}
 n - a potion of lignification {unknown}
Comestibles
 f - 5 rations


   Skills:
 + Level 5.1 Fighting
 + Level 4.3 Axes
 + Level 5.0 Armour
 + Level 5.0 Shields


You had 4 spell levels left.
You didn't know any spells.
Your spell library was empty.

Dungeon Overview and Level Annotations

Branches:
Dungeon (3/15)

Altars:
Qazlal
Yredelemnul


Innate Abilities, Weirdness & Mutations

You reflexively headbutt those who attack you in melee.
You have a pair of horns on your head.


Message History

You are too injured to fight recklessly!
You are too injured to fight recklessly!
You are too injured to fight recklessly!
You are too injured to fight recklessly!
You are too injured to fight recklessly!
You are too injured to fight recklessly!
You are too injured to fight recklessly!
You are too injured to fight recklessly!
You are too injured to fight recklessly!
You are too injured to fight recklessly!
You are too injured to fight recklessly!
You are too injured to fight recklessly!
You are too injured to fight recklessly!
You hit the orc priest.
You kill the orc priest!
Your Armour skill increases to level 5!
Your Shields skill increases to level 5!
The orc priest mumbles some strange prayers to Beogh against you.
Beogh smites you!
You die...

#..
#.#
#.#
#.#
#.#
#o#
#[#
#@#
#.###
#...#
###.#
#.#
#.#
#.#
#.#
#.#


You could see an orc priest.

Vanquished Creatures
  An orc wizard (D:3)
  An orc priest (D:3)
  Natasha (thrice) (D:2)
  An adder (D:2)
  4 oozes
  A worm (D:2)
  2 dart slugs (D:1)
  6 orcs
  7 bats
  10 goblins
  9 hobgoblins
  7 kobolds
  6 frilled lizards
  5 rats
63 creatures vanquished.

Vanquished Creatures (others)
  An orc wizard (D:2)
1 creature vanquished.

Grand Total: 64 creatures vanquished

Notes
Turn   | Place    | Note
-------+----------+-------------------------------------------
     0 | D:1      | Gynju the Minotaur Fighter began the quest for the Orb.
     0 | D:1      | Reached XP level 1. HP: 19/19 MP: 0/0
    74 | D:1      | Reached XP level 2. HP: 22/27 MP: 1/1
   624 | D:1      | Reached XP level 3. HP: 33/33 MP: 2/2
  1018 | D:2      | Found a basalt altar of Yredelemnul.
  1050 | D:2      | Noticed Natasha
  1059 | D:2      | Killed Natasha
  1059 | D:2      | Reached XP level 4. HP: 28/41 MP: 3/3
  1858 | D:2      | Found a stormy altar of Qazlal.
  1926 | D:2      | Reached XP level 5. HP: 41/47 MP: 4/4
  1955 | D:2      | Noticed Natasha
  1959 | D:2      | Killed Natasha
  2049 | D:2      | Noticed Natasha
  2061 | D:2      | Killed Natasha
  2285 | D:3      | Reached skill level 5 in Fighting
  2295 | D:3      | Reached skill level 5 in Armour
  2295 | D:3      | Reached skill level 5 in Shields
  2295 | D:3      | Killed from afar by an orc priest

Levels and vault maps discovered:
D:1:      scummos_arrival_simple_crosswalls, layout_loops_corners
D:2:      layout_loops_ring, yredelemnul_altar_generic,
          nicolae_qazlal_eye_of_the_storm, uniq_natasha
D:3:      layout_loops_ring, portal_sewer_entry_f, first_ration, led_sif_pool,
          uniq_ijyb

Skill      XL: |  1  2  3  4  5 |
---------------+----------------+-----
Fighting       | 4 5 |  5.1
Armour         | 4 5 |  5.0
Shields        | 4 5 |  5.0
Axes           | 3 4 |  4.3

Action                   |  1- 3 |  4- 6 || total
-------------------------+-------+-------++-------
Melee: War axe           |    62 |    96 ||   158
       Headbutt          |     6 |    13 ||    19
  Eat: Chunk             |       |     5 ||     5
Armor: Scale mail        |    27 |    33 ||    60
Dodge: Dodged            |    12 |    33 ||    45
Block: Shield            |    28 |    45 ||    73

Table legend:
 A = Non-vault XP
 B = Vault XP
 C = Vault XP percentage of total XP
 D = Non-vault monster count
 E = Vault monster count
 F = Vault count percentage of total count
                 A         B        C        D         E       F
            +---------+---------+-------+---------+---------+-------
      Total |     330 |      32 |   8.8 |      63 |       1 |   1.6
            +---------+---------+-------+---------+---------+-------
        D:1 |      64 |       0 |   0.0 |      29 |       0 |   0.0
        D:2 |     177 |      32 |  15.3 |      30 |       1 |   3.2
        D:3 |      89 |       0 |   0.0 |       4 |       0 |   0.0
            +---------+---------+-------+---------+---------+-------
